 Dungeon Crawl Stone Soup version 0.25.1-2-g60ff931df9 (webtiles) character file.

Game seed: 6420838173119214097

217 soggyman666 the Chopper (level 5, -1/47 HPs)
             Began as a Minotaur Fighter on Nov 5, 2020.
             Slain by Pikel
             ... wielding a +1 whip of electrocution
              (11 damage)
             ... on level 4 of the Dungeon.
             The game lasted 00:04:43 (3350 turns).

soggyman666 the Chopper (Minotaur Fighter)          Turns: 3350, Time: 00:04:45

Health: -1/47      AC:  7    Str: 21    XL:     5   Next: 61%
Magic:  4/4        EV:  8    Int:  5    God:
Gold:   157        SH: 10    Dex: 10    Spells: 4/4 levels left

rFire    . . .     SeeInvis .   a - +0 war axe
rCold    . . .     Gourm    .   c - +1 kite shield
rNeg     . . .     Faith    .   b - +0 scale mail
rPois    .         Spirit   .   (helmet restricted)
rElec    .         Reflect  .   (no cloak)
rCorr    .         Harm     .   (no gloves)
MR       .....                  (no boots)
Stlth    ..........             (no amulet)
HPRegen  0.15/turn              (no ring)
MPRegen  0.09/turn              (no ring)

@: mighty
A: retaliatory headbutt, horns 2
a: no special abilities


You were on level 4 of the Dungeon.
You were not hungry.

You visited 1 branch of the dungeon, and saw 4 of its levels.

You collected 157 gold pieces.

Inventory:

Hand Weapons
 a - a +0 war axe (weapon)
Missiles
 p - 7 javelins (quivered)
Armour
 b - a +0 scale mail (worn)
 c - a +1 kite shield (worn)
Scrolls
 g - 3 scrolls of teleportation
 i - 2 scrolls of enchant armour
 k - a scroll of magic mapping
 q - a scroll of identify
Potions
 d - a potion of might
 e - 2 potions of heal wounds {unknown}
 j - a potion of curing
 l - 2 potions of haste {unknown}
 m - 2 potions of stabbing
 n - a potion of flight
 o - a potion of cancellation {unknown}
 r - a potion of brilliance {unknown}
Comestibles
 f - 9 rations


   Skills:
 + Level 4.5 Fighting
 + Level 4.8 Axes
 + Level 4.5 Armour
 + Level 1.2 Dodging
 + Level 0.6 Stealth
 + Level 4.6 Shields


You had 4 spell levels left.
You didn't know any spells.
Your spell library was empty.

Dungeon Overview and Level Annotations

Branches:
Dungeon (4/15)
 Temple: D:4-7

Altars:
Ashenzari
Hepliaklqana

Annotations:
D:4 Pikel


Innate Abilities, Weirdness & Mutations

You reflexively headbutt those who attack you in melee.
You have a pair of horns on your head.


Message History

You hit Pikel.
Pikel is heavily wounded.
You hit the slave. The slave hits you but does no damage.
You block Pikel's attack.
You hit Pikel.
Pikel is severely wounded.
You hit the slave. You block Pikel's attack. The slave hits you.
* * * LOW HITPOINT WARNING * * *
You hit Pikel.
Pikel is severely wounded.
You barely miss the slave. Pikel barely misses you. You furiously retaliate!
You headbutt Pikel! The slave closely misses you.
You closely miss Pikel.
Pikel is almost dead.
Your shield and scale mail prevent you from hitting the slave.
Pikel closely misses you. You block the slave's attack. x2
Pikel hits you with a +1 whip of electrocution.
* * * LOW HITPOINT WARNING * * *
You are electrocuted!
You die...

###########...###.#.##
##### ##.## ###
##################
.................#
################.# #.#
#.# #@#


#pKppp... ######### You could see Pikel and 4 slaves.

Vanquished Creatures
  A scorpion (D:4)
  4 gnolls (D:3)
  4 adders
  An ooze (D:1)
  3 worms (D:3)
  5 dart slugs
  2 leopard geckos (D:3)
  An orc (D:3)
  2 ball pythons
  5 bats
  4 giant cockroaches
  11 goblins
  9 hobgoblins
  8 kobolds
  10 frilled lizards
  A leopard gecko skeleton (D:4)
  4 rats
75 creatures vanquished.

Notes
Turn   | Place    | Note
-------+----------+-------------------------------------------
     0 | D:1      | soggyman666 the Minotaur Fighter began the quest for the
                  | Orb.
     0 | D:1      | Reached XP level 1. HP: 19/19 MP: 0/0
   383 | D:1      | Reached XP level 2. HP: 27/27 MP: 1/1
  1082 | D:1      | Reached XP level 3. HP: 24/33 MP: 2/2
  1223 | D:2      | Found a shattered altar of Ashenzari.
  1385 | D:2      | Found a hazy altar of Hepliaklqana.
  1675 | D:2      | Reached XP level 4. HP: 39/40 MP: 3/3
  2361 | D:3      | Reached skill level 1 in Dodging
  2691 | D:3      | Reached XP level 5. HP: 46/47 MP: 4/4
  3333 | D:4      | Noticed Pikel
  3333 | D:4      | Noticed a slave
  3333 | D:4      | Noticed a slave
  3333 | D:4      | Noticed a slave
  3333 | D:4      | Noticed a slave
  3350 | D:4      | Slain by Pikel

Illustrated notes

Levels and vault maps discovered:
D:1:      mrwooster_arrival_arrow, layout_loops_corners
D:2:      layout_loops_ring, lemuel_crystal_altar, ashenzari_altar_1,
          first_ration, minmay_misc_feat_diagonals
D:3:      layout_basic
D:4:      layout_loops_ring, minmay_goblin_outpost, uniq_eustachio, uniq_pikel

Skill      XL: |  1  2  3  4 |
---------------+-------------+-----
Fighting       | 4 |  4.5
Shields        | 4 |  4.6
Axes           | 3 4 |  4.8
Armour         | 4 |  4.5
Dodging        | 1 |  1.2
Stealth        | |  0.6

Action                   |  1- 3 |  4- 6 || total
-------------------------+-------+-------++-------
Melee: War axe           |    97 |   109 ||   206
       Headbutt          |    16 |    17 ||    33
  Use: Scroll            |     5 |     4 ||     9
       Potion            |       |     1 ||     1
  Eat: Chunk             |     3 |     5 ||     8
Armor: Scale mail        |    45 |    37 ||    82
Dodge: Dodged            |    23 |    44 ||    67
Block: Kite shield       |    49 |    53 ||   102
